 Dungeon Crawl Stone Soup version 0.24-a0-115-gd155597 (console) character file.

Game seed: 3428523814125225714

61 Duffy the Chopper (level 4, -1/39 HPs)
             Began as a Naga Gladiator on Feb 17, 2019.
             Slain by an orc
             ... wielding a +0 club
              (4 damage)
             ... on level 4 of the Dungeon.
             The game lasted 00:00:22 (115 turns).

Duffy the Chopper (Naga Gladiator)                   Turns: 115, Time: 00:00:23

Health: -1/39      AC:  3    Str: 16    XL:     4   Next: 7%
Magic:  4/4        EV: 10    Int:  9    God:
Gold:   9          SH:  0    Dex: 13    Spells: 3/3 levels left

rFire    . . .     SeeInvis +   a - +0 war axe
rCold    . . .     Gourm    .   (no shield)
rNeg     . . .     Faith    .   b - +0 leather armour
rPois    +         Spirit   .   c - +0 helmet
rElec    .         Reflect  .   (no cloak)
rCorr    .         Harm     .   (no gloves)
MR       .....                  (no barding)
Stlth    +.........             (no amulet)
HPRegen  0.13/turn              (no ring)
MPRegen  0.09/turn              (no ring)

@: very slow
A: large, see invisible, deformed body, poison resistance, slowness 2, slow
metabolism 1, spit poison 1, AC +1
a: Spit Poison


You were on level 4 of the Dungeon.
You were not hungry.

You visited 1 branch of the dungeon, and saw 4 of its levels.

You collected 9 gold pieces.

Inventory:

Hand Weapons
 a - a +0 war axe (weapon)
Missiles
 d - 3 throwing nets (quivered)
Armour
 b - a +0 leather armour (worn)
 c - a +0 helmet (worn)
Jewellery
 e - an uncursed ring of fire
Comestibles
 f - a ration


   Skills:
 - Level 2.0 Fighting
 + Level 4.8 Axes
 - Level 1.7 Throwing
 - Level 2.4 Dodging


You had 3 spell levels left.
You didn't know any spells.
Your spell library was empty.

Dungeon Overview and Level Annotations

Branches:
Dungeon (4/15)
 Temple: D:4-7

Altars:


Innate Abilities, Weirdness & Mutations

You cannot wear boots.
Your serpentine skin is tough. (AC +1)
You have supernaturally acute eyesight. (SInv)
Armour fits poorly on your strangely shaped body.
Your system is resistant to poisons. (rPois)
You cover ground very slowly.
You have a slow metabolism.
You can spit poison.


Message History

The orc hits you with a +0 club.
The orc looks more healthy.
The orc wizard closely misses you. The orc hits you with a +0 club.
The orc barely misses you. The orc wizard barely misses you.
The orc hits you with a +0 club.
You are too injured to fight recklessly!
You hit the orc wizard.
The orc wizard is moderately wounded.
You hit the phantom. You hit the orc.
You kill the orc!
You barely miss the orc.
You have got your breath back.
The phantom closely misses you.
The orc wizard hits you with a +0 dagger.
The orc hits you but does no damage.
You closely miss the orc wizard.
The orc wizard is moderately wounded.
You slash the phantom! You hit the orc. The phantom barely misses you.
The orc wizard hits you with a +0 dagger.
The orc hits you with a +0 club.
You die...

##.#.####........#
#......<#.######.#
.####.####%..# #.#
...........#.# #.#
.####.####.#.# #.#
#.# #.# # #.# #.#
#.#.####.###.# ...
.........)...# #..
..#.###o@##### ..#
###.....oW.# #.
######...# ##..#
..# ... #... ....


You could see a phantom, an orc wizard (invisible) and an orc.

Vanquished Creatures
  A scorpion (D:4)
  A gnoll (D:1)
  An orc (D:4)
  A rat (D:1)
4 creatures vanquished.

Notes
Turn   | Place    | Note
-------+----------+-------------------------------------------
     0 | D:1      | Duffy the Naga Gladiator began the quest for the Orb.
     0 | D:1      | Reached XP level 1. HP: 19/19 MP: 1/1
    22 | D:1      | Reached XP level 2. HP: 26/26 MP: 2/2
    90 | D:4      | Noticed a scorpion
    95 | D:4      | Killed a scorpion
    95 | D:4      | Reached skill level 4 in Axes
    95 | D:4      | Reached XP level 3. HP: 18/32 MP: 3/3
    95 | D:4      | Reached XP level 4. HP: 22/39 MP: 4/4
   110 | D:4      | Noticed a phantom
   115 | D:4      | Slain by an orc

Levels and vault maps discovered:
D:1:      nicolae_arrival_washed_ashore, layout_basic,
          nemelex_xobeh_ov_fountains_minmay
D:2:      layout_basic, old_standard_altar, uniq_sigmund
D:3:      layout_basic, chequers_ecumenical_altar_grove
D:4:      layout_basic, portal_sewer_entry_a, uniq_grinder, uniq_eustachio

Skill      XL: |  1  2 |
---------------+-------+-----
Axes           | 4 |  4.8
Fighting       | |  2.0
Throwing       | |  1.7
Dodging        | |  2.4

Action                   |  1- 3 |  4- 6 || total
-------------------------+-------+-------++-------
Melee: War axe           |    11 |     3 ||    14
 Abil: Spit Poison       |     1 |     1 ||     2
Armor: Leather armour    |     2 |       ||     2
Dodge: Dodged            |    10 |     5 ||    15

Table legend:
 A = Non-vault XP
 B = Vault XP
 C = Vault XP percentage of total XP
 D = Non-vault monster count
 E = Vault monster count
 F = Vault count percentage of total count
                 A         B        C        D         E       F
            +---------+---------+-------+---------+---------+-------
      Total |      88 |       0 |   0.0 |       4 |       0 |   0.0
            +---------+---------+-------+---------+---------+-------
        D:1 |      15 |       0 |   0.0 |       2 |       0 |   0.0
        D:4 |      73 |       0 |   0.0 |       2 |       0 |   0.0
            +---------+---------+-------+---------+---------+-------
